AoeStats
← Atmaca3307

Arabia

509947167Analyzed
1v1 RM · 3d ago on Sep 28, 2026· 54m 8s· 2 players
Game mode
Random Map
Map size
Tiny (2 player)
Population
200
Speed
Normal
Resources
Standard
Victory
Conquest
Starting age
Dark Age
Ending age
Imperial Age
RankedLock teamsTeams togetherTeam positionsShared explorationLock speedFull tech treeHidden civsTurbo modeCheats
Victory
Defeat
🇹🇷 Huns · Türkiye
245
+16
🇧🇷 Teutons · Brazil
247
-16
Atmaca3307
12:57 Feudal Age
14:26 Wheelbarrow
13:34 Horse Collar
13:43 Double-Bit Axe
14:50 Gold Mining
18:13 Stone Mining
22:03 Bloodlines
26:40 Castle Age
25:04 Scale Mail Armor
25:09 Scale Barding Armor
25:26 Forging
27:17 Padded Archer Armor
27:08 Fletching
27:37 Bow Saw
27:46 Hand Cart
28:10 Gold Shaft Mining
27:39 Heavy Plow
27:45 Husbandry
27:12 Light Cavalry
29:35 Chain Mail Armor
30:28 Chain Barding Armor
31:31 Ballistics
31:08 Murder Holes
31:24 Masonry
36:55 Imperial Age
40:16 Chemistry
39:55 Plate Barding Armor
39:56 Iron Casting
40:19 Cavalier
41:27 Hussar
42:41 Leather Archer Armor
42:23 Bodkin Arrow
43:28 Blast Furnace
42:48 Paladin
50:00 Two-Man Saw
EnoughDrop6157
0:47 Loom
12:43 Feudal Age
14:41 Double-Bit Axe
19:41 Man-at-Arms
23:05 Castle Age
22:01 Stone Mining
23:21 Gold Mining
23:13 Long Swordsman
24:56 Bow Saw
25:49 Stone Shaft Mining
25:58 Crossbowman
28:24 Pikeman
34:18 Imperial Age
33:20 Wheelbarrow
32:31 Town Watch
33:10 Padded Archer Armor
33:01 Fletching
33:22 Forging
36:11 Chemistry
37:06 Town Patrol
40:08 Two-Man Saw
38:43 Two-Handed Swordsman
41:37 Squires
42:33 Champion
44:06 Elite Teutonic Knight
46:43 Halberdier
Connection lost

Rejoining the realm…

Still unreachable

The connection could not be restored.

Session expired

The server has moved on; the page needs a fresh start.